 Dungeon Crawl Stone Soup version 0.25.0-9-g26727b657a (webtiles) character file.

Game seed: 7398273141301396809

345 mopl the Spear-Bearer (level 6, 0/44 HPs)
             Began as a Merfolk Skald on June 16, 2020.
             Slain by a howler monkey skeleton (4 damage)
             ... on level 4 of the Dungeon.
             The game lasted 00:04:56 (2986 turns).

mopl the Spear-Bearer (Merfolk Skald)               Turns: 2986, Time: 00:04:57

Health: 0/44       AC:  9    Str: 19    XL:     6   Next: 58%
Magic:  9/9        EV:  7    Int: 12    God:
Gold:   151        SH:  0    Dex: 13    Spells: 8/9 levels left

rFire    . . .     SeeInvis .   a - +1 spear
rCold    x . .     Gourm    .   (no shield)
rNeg     . . .     Faith    .   c - +0 chain mail
rPois    .         Spirit   .   u - +0 helmet of Eternal Night {+Fly rC- Str+5 Stlth+} (curse)
rElec    .         Reflect  .   (no cloak)
rCorr    .         Harm     .   (no gloves)
MR       .....                  (no boots)
Stlth    ..........             (no amulet)
HPRegen  0.14/turn              (no ring)
MPRegen  0.11/turn              (no ring)

@: no status effects
A: change form in water, swift swim, stealthy swim
a: Evoke Flight


You were on level 4 of the Dungeon.
You were not hungry.

You visited 1 branch of the dungeon, and saw 4 of its levels.

You collected 151 gold pieces.

Inventory:

Hand Weapons
 a - a +1 spear (weapon)
Missiles
 p - 12 poisoned darts (quivered)
Armour
 c - a +0 chain mail (worn)
 r - a +0 helmet
 u - the cursed +0 helmet of Eternal Night (worn) {+Fly rC- Str+5 Stlth+}
   (You found it on level 4 of the Dungeon)

   It affects your strength (+5).
   It makes you vulnerable to cold.
   It lets you fly.
   It makes you more stealthy.
   It has a curse placed upon it.
Scrolls
 f - a scroll of noise {unknown}
 i - a scroll of enchant armour {unknown}
 k - a scroll of random uselessness {unknown}
 l - a scroll of enchant weapon
 m - a scroll of fog {unknown}
 n - a scroll of magic mapping {unknown}
 o - a scroll of teleportation
 s - a scroll of identify
 t - a scroll of immolation {unknown}
Potions
 b - 3 potions of stabbing {unknown}
 e - a potion of might
 g - 2 potions of mutation
 h - a potion of flight
 j - 2 potions of resistance {unknown}
Comestibles
 d - 5 rations


   Skills:
 - Level 2.1(1.0) Fighting
 + Level 9.7(5.7) Polearms
 - Level 0.6(0.3) Armour
 - Level 2.6(1.3) Dodging
 - Level 2.0(1.0) Spellcasting
 - Level 3.2(1.6) Charms


You had 8 spell levels left.
You knew the following spells:

 Your Spells              Type           Power        Failure   Level  Hunger
a - Infusion              Chrm           #...         91%         1    ##.....

Your spell library contained the following spells:

 Spells                   Type           Power        Failure   Level  Hunger
 Song of Slaying          Chrm           #.......     97%         2    ###....
 Shroud of Golubria       Chrm/Tloc      #.....       99%         2    ###....
 Ozocubu's Armour         Chrm/Ice       #.......     100%        3    ####...
 Spectral Weapon          Hex/Chrm       #.......     100%        3    ####...


Dungeon Overview and Level Annotations

Branches:
Dungeon (4/15)
 Temple: D:4-7

Altars:
Ashenzari
Sif Muna
Vehumet
Xom

Annotations:
D:3 bb
D:4 Edmund


Message History

You feel sick.
You are no longer poisoned.
Found 5 gold pieces.
You start resting.
The howler monkey skeleton is too close now for your liking.
Attack whom?
Press: ? - help, Dir - move target cursor, f - howler monkey skeleton
Aim: a howler monkey skeleton You reach to attack!
You puncture the howler monkey skeleton!
The howler monkey skeleton is heavily damaged.
You hit the howler monkey skeleton.
The howler monkey skeleton is heavily damaged.
You barely miss the howler monkey skeleton.
The howler monkey skeleton is heavily damaged.
The howler monkey skeleton hits you but does no damage.
You hit the howler monkey skeleton.
The howler monkey skeleton is almost destroyed.
The howler monkey skeleton hits you.
You die...

.###...#.##..#######
.# #.........Z.....#
.. Z.........#####.#
.. ......##..#####.#
♣. .#.#.##...$....#
.♣ .#.#.##..#####.#
#..# #.# ##..#####.#
.......@Z.#
##..#####.# #.# #.#
#.# #.# ###


You could see a howler monkey skeleton.

Vanquished Creatures
  An ogre (D:2)
  A hound (D:4)
  An orc priest (D:3)
  Terence (D:2)
  A worker ant (D:4)
  6 adders
  An ooze (D:2)
  3 worms
  4 dart slugs
  A leopard gecko (D:2)
  3 orcs
  9 bats
  5 giant cockroaches
  3 goblins
  12 hobgoblins
  6 jackals
  A ball python (D:2)
  2 frilled lizards (D:2)
  7 kobolds
  3 rats
71 creatures vanquished.

Notes
Turn   | Place    | Note
-------+----------+-------------------------------------------
     0 | D:1      | mopl the Merfolk Skald began the quest for the Orb.
     0 | D:1      | Reached XP level 1. HP: 16/16 MP: 3/3
   138 | D:1      | Reached skill level 4 in Polearms
   138 | D:1      | Reached XP level 2. HP: 21/22 MP: 5/5
   602 | D:2      | Reached skill level 5 in Polearms
   602 | D:2      | Reached XP level 3. HP: 20/27 MP: 6/6
  1054 | D:2      | Reached skill level 6 in Polearms
  1071 | D:2      | Reached XP level 4. HP: 22/33 MP: 7/7
  1363 | D:2      | Noticed an ogre
  1373 | D:2      | Killed an ogre
  1373 | D:2      | Reached skill level 7 in Polearms
  1373 | D:2      | Reached XP level 5. HP: 18/38 MP: 8/8
  1407 | D:2      | Reached skill level 8 in Polearms
  1626 | D:2      | Found a radiant altar of Vehumet.
  2099 | D:3      | Reached XP level 6. HP: 29/44 MP: 9/9
  2296 | D:3      | Reached skill level 9 in Polearms
  2491 | D:2      | Found a shattered altar of Ashenzari.
  2491 | D:2      | Found a shimmering blue altar of Sif Muna.
  2491 | D:2      | Noticed Terence
  2522 | D:2      | Killed Terence
  2533 | D:2      | Became a worshipper of Ashenzari the Shackled
  2535 | D:2      | Fell from the grace of Ashenzari
  2651 | D:3      | Noticed an ice beast
  2824 | D:4      | Found a shimmering altar of Xom.
  2896 | D:4      | Noticed Edmund
  2898 | D:4      | Got a bloodstained helmet
  2907 | D:4      | Found a shimmering altar of Xom.
  2908 | D:4      | Found a shimmering altar of Xom.
  2924 | D:4      | Identified the cursed +0 helmet of Eternal Night {+Fly rC-
                  | Str+5 Stlth+} (You found it on level 4 of the Dungeon)
  2964 | D:4      | HP: 2/44 [poisoned by a worker ant]
  2986 | D:4      | Slain by a howler monkey skeleton

Illustrated notes

Levels and vault maps discovered:
D:1:      erik_arrival_blinker_ship, layout_basic, hangedman_feature_mirror
D:2:      layout_loops_cross, nicolae_overflow_hidden_temple, minivault_19,
          minmay_misc_feat_roman, st_stairs_1, minivault_19, uniq_terence
D:3:      layout_basic, feat_on_display
D:4:      layout_basic, yredelemnul_forgotten_temple_becter, xom_redecorated,
          serial_shops, nicolae_shop_trees, uniq_edmund, uniq_robin

Skill      XL: |  1  2  3  4  5  6 |
---------------+-------------------+-----
Polearms       | 4 5 6 7 8 9 |  9.7
Fighting       | |  2.1
Armour         | |  0.6
Dodging        | |  2.6
Spellcasting   | |  2.0
Charms         | |  3.2

Action                   |  1- 3 |  4- 6 || total
-------------------------+-------+-------++-------
Melee: Spear             |   153 |   251 ||   404
Throw: Dart              |       |     2 ||     2
Invok: Renounce Religion |       |     1 ||     1
  Use: Scroll            |     3 |     5 ||     8
       Potion            |       |     1 ||     1
  Eat: Chunk             |     1 |     6 ||     7
Armor: Chain mail        |    70 |    95 ||   165
Dodge: Dodged            |    32 |    51 ||    83
